 Dungeon Crawl Stone Soup version 0.31-a0-177-g4aa6249778 (webtiles) character file.

Game seed: 16157559512987294240

330 qw the Shooter (level 6, -2/57 HPs)
             Began as a Naga Hunter on June 18, 2023.
             Was an Initiate of Okawaru.
             Killed by divine providence
             ... invoked by an orc priest
              (11 damage)
             ... on level 3 of the Dungeon.
             The game lasted 00:00:57 (1948 turns).

qw the Shooter (Naga Hunter)                        Turns: 1948, Time: 00:00:57

Health: -2/57      AC:  4    Str: 14    XL:     6   Next: 51%
Magic:  6/6        EV:  9    Int:  9    God:    Okawaru [......]
Gold:   55         SH:  0    Dex: 16    Spells: 5/5 levels left

rFire   . . .        Y - +1 shortbow
rCold   . . .        (shield currently unavailable)
rNeg    . . .        c - +0 leather armour
rPois   +            h - +0 helmet
rElec   .            (no cloak)
rCorr   .            (no gloves)
SInv    +            (no barding)
Will    .....        b - amulet of regeneration
Stlth   ++           (no ring)
HPRegen 1.09/turn    (no ring)
MPRegen 0.10/turn

%: no passive effects
@: about to teleport, short of breath, very slow
A: AC +2, large, see invisible, deformed body, poison resistance, slowness 2,
spit poison 1, naga tail 1
a: Spit Poison, Renounce Religion


You were on level 3 of the Dungeon.
You worshipped Okawaru.
Okawaru was noncommittal.
You visited 1 branch of the dungeon, and saw 4 of its levels.

You collected 105 gold pieces.
You spent 50 gold pieces at shops.


Innate Abilities, Weirdness & Mutations

Your serpentine skin is tough. (AC +2)
You have supernaturally acute eyesight. (SInv)
Armour fits poorly on your strangely shaped body.
Your system is resistant to poisons. (rPois)
You cover ground very slowly.
You can spit poison.
You have a snake-like lower body.


   Skills:
 + Level 3.8 Fighting
 - Level 6.2 Ranged Weapons
 - Level 1.5 Dodging
 - Level 1.5 Stealth


You had 5 spell levels left.
You didn't know any spells.
Your spell library was empty.

Inventory:

Hand Weapons
 Y - a +1 shortbow (weapon)
Armour
 c - a +0 leather armour (worn)
 h - a +0 helmet (worn)
Jewellery
 b - an amulet of regeneration (around neck)
Scrolls
 g - a scroll of identify
 i - a scroll of teleportation
Potions
 a - a potion of enlightenment
 d - a potion of might
 f - a potion of curing {unknown}
 k - a potion of magic {unknown}
 l - a potion of mutation {unknown}

Dungeon Overview and Level Annotations

Branches:
Dungeon (4/15)
 Temple: D:4-7

Altars:
Kikubaaqudgha
Okawaru

Shops:
D:1 (?**


Message History

The orc priest is moderately wounded.
An orc opens the door.
The orc priest calls down the wrath of Beogh upon you.
Beogh smites you!
The orc priest hits you with a +0 flail!
Found a sling.
1941 ||| STAIRDANCE The orc priest casts a cantrip, but nothing happens.
The orc hits you with a +0 flail.
The orc priest hits you with a +0 flail.
You climb upwards.
There is a stone staircase leading down here.
You shoot an arrow. The arrow hits the orc priest.
The orc priest is severely wounded.
You have got your breath back.
The orc priest closely misses you. The orc hits you with a +0 flail!
1944 ||| INVOKING Spit Poison.
Aiming: Spit Poison (1% risk of failure)
Press: ? - help, Shift-Dir - straight line, f/p - orc priest The splash of poison misses the orc priest.
The orc priest closely misses you. The orc hits you with a +0 flail.
The orc priest casts a cantrip, but nothing happens.
You shoot an arrow.
The arrow completely misses the orc priest.
The orc priest hits you with a +0 flail!
The orc barely misses you.
You shoot an arrow. The arrow hits the orc priest!
You kill the orc priest!
Okawaru accepts your kill. The orc barely misses you.
You shoot an arrow. The arrow hits the orc.
The orc is heavily wounded.
The orc hits you with a +0 flail!
1948 ||| READING 2 scrolls of teleportation.
As you read the scroll of teleportation, it crumbles to dust.
You feel strangely unstable. The orc hits you with a +0 flail.
The orc priest mumbles some strange prayers to Beogh against you.
Beogh smites you!
You die...

...## ##~#####~######
#### ##~~~~~~~######
#######?#######
#######.#######
#######.#######
#######.#######
################.#######
..........######)#######
#########.....oo@#######
################


You could see an orc priest and an orc.

Vanquished Creatures
  Sigmund (D:2)
  An orc priest (D:3)
  Terence (D:2)
  Robin (D:3)
  An adder (D:3)
  3 worms
  A dart slug (D:3)
  2 orcs (D:3)
  5 endoplasms
  2 giant cockroaches (D:1)
  11 goblins
  12 hobgoblins
  16 jackals
  6 kobolds
  3 quokkas (D:2)
  3 ball pythons
  3 frilled lizards (D:1)
  6 rats
78 creatures vanquished.

Notes
Turn   | Place    | Note
-------+----------+-------------------------------------------
     0 | D:1      | qw the Naga Hunter began the quest for the Orb.
     0 | D:1      | Reached XP level 1. HP: 19/19 MP: 1/1
     0 | D:1      | 0 ||| qw: Version: 0.3-a-7-ge0c9b40
     0 | D:1      | 0 ||| qw: Game counter: 776
     0 | D:1      | 0 ||| qw: Always use a shield: true
     0 | D:1      | 0 ||| qw: God list: Okawaru
     0 | D:1      | 0 ||| qw: Allow faded altars: false
     0 | D:1      | 0 ||| qw: Do Orc after D:15 true
     0 | D:1      | 0 ||| qw: Do second Lair branch before Depths: true
     0 | D:1      | 0 ||| qw: Lair rune preference: random
     0 | D:1      | 0 ||| qw: Plans: Normal
     0 | D:1      | 0 ||| PLANNING D:1-11
    27 | D:1      | 27 ||| INVOKING Spit Poison.
    70 | D:1      | Noticed a golden eye
    71 | D:1      | Found a faded altar of an unknown god.
    77 | D:1      | 77 ||| DROPPING scroll of butterflies.
    78 | D:1      | Noticed a shining eye
    78 | D:1      | Noticed a floating eye
    78 | D:1      | Noticed a golden eye
    81 | D:1      | 81 ||| INVOKING Spit Poison.
    84 | D:1      | 84 ||| INVOKING Spit Poison.
    94 | D:1      | 94 ||| INVOKING Spit Poison.
    98 | D:1      | 98 ||| INVOKING Spit Poison.
   106 | D:1      | Found Nausoar's General Store.
   116 | D:1      | 116 ||| SHOPLISTING +6 ring of strength (432 gold, have
                  | 42).
   116 | D:1      | 116 ||| SHOPLISTING potion of resistance (120 gold, have
                  | 42).
   116 | D:1      | 116 ||| SHOPLISTING ring of Egomania {rC+ Dex+6 SInv} (650
                  | gold, have 42).
   118 | D:1      | Found Jummub's Magic Scroll Shoppe.
   123 | D:1      | Found Soycw's Antique Weapon Shoppe.
   127 | D:1      | 127 ||| SHOPLISTING scroll of brand weapon (114 gold, have
                  | 42).
   127 | D:1      | 127 ||| SHOPLISTING scroll of enchant weapon (90 gold, have
                  | 42).
   127 | D:1      | 127 ||| BUYING scroll of identify (24 gold).
   127 | D:1      | Bought a scroll of identify for 24 gold pieces
   127 | D:1      | 127 ||| SHOPLISTING scroll of identify (24 gold, have 18).
   127 | D:1      | 127 ||| SHOPLISTING scroll of teleportation (36 gold, have
                  | 18).
   174 | D:1      | 174 ||| INVOKING Spit Poison.
   180 | D:1      | 180 ||| INVOKING Spit Poison.
   181 | D:1      | Reached skill level 4 in Ranged Weapons
   181 | D:1      | Reached XP level 2. HP: 26/26 MP: 2/2
   203 | D:1      | 203 ||| INVOKING Spit Poison.
   248 | D:1      | 248 ||| INVOKING Spit Poison.
   256 | D:1      | 256 ||| INVOKING Spit Poison.
   272 | D:1      | 272 ||| INVOKING Spit Poison.
   277 | D:1      | 277 ||| INVOKING Spit Poison.
   280 | D:1      | 280 ||| INVOKING Spit Poison.
   286 | D:1      | 286 ||| INVOKING Spit Poison.
   354 | D:1      | 354 ||| INVOKING Spit Poison.
   359 | D:1      | 359 ||| INVOKING Spit Poison.
   368 | D:1      | 368 ||| INVOKING Spit Poison.
   369 | D:1      | Reached XP level 3. HP: 17/32 MP: 3/3
   388 | D:1      | 388 ||| INVOKING Spit Poison.
   545 | D:1      | Found Pytuvvokh's General Store.
   548 | D:1      | 548 ||| BUYING scroll of identify (26 gold).
   548 | D:1      | Bought a scroll of identify for 26 gold pieces
   548 | D:1      | 548 ||| SHOPLISTING scroll of identify (26 gold, have 4).
   633 | D:1      | 633 ||| INVOKING Spit Poison.
   643 | D:1      | 643 ||| INVOKING Spit Poison.
   652 | D:1      | 652 ||| READING scroll labelled ASHO BUJIEBB.
   653 | D:1      | 653 ||| READING scroll labelled EDOOTU BONN.
   656 | D:1      | 656 ||| READING 2 scrolls of identify.
   656 | D:1      | 656 ||| IDENTIFYING ruby potion
   657 | D:1      | 657 ||| DROPPING potion of degeneration.
   663 | D:2      | 663 ||| INVOKING Spit Poison.
   667 | D:2      | 667 ||| INVOKING Spit Poison.
   677 | D:2      | 677 ||| INVOKING Spit Poison.
   684 | D:2      | Noticed Sigmund
   686 | D:2      | 686 ||| INVOKING Spit Poison.
   692 | D:2      | 692 ||| INVOKING Spit Poison.
   694 | D:2      | Killed Sigmund
   695 | D:2      | Reached skill level 6 in Ranged Weapons
   695 | D:2      | Reached XP level 4. HP: 31/39 MP: 4/4
   695 | D:2      | Reached XP level 5. HP: 36/45 MP: 5/5
   739 | D:2      | 739 ||| INVOKING Spit Poison.
   746 | D:2      | 746 ||| INVOKING Spit Poison.
   794 | D:2      | 794 ||| INVOKING Spit Poison.
   813 | D:2      | Noticed Terence
   814 | D:2      | 814 ||| INVOKING Spit Poison.
   816 | D:2      | Killed Terence
   817 | D:2      | Reached XP level 6. HP: 55/55 MP: 6/6
   819 | D:2      | 819 ||| INVOKING Spit Poison.
   887 | D:2      | 887 ||| INVOKING Spit Poison.
   895 | D:2      | 895 ||| INVOKING Spit Poison.
  1116 | D:2      | 1116 ||| INVOKING Spit Poison.
  1118 | D:2      | 1118 ||| DROPPING scarf of invisibility.
  1119 | D:2      | 1119 ||| UPGRADING to amulet of regeneration.
  1124 | D:2      | 1124 ||| READING scroll labelled JYRIJU OCAOLU.
  1125 | D:2      | 1125 ||| DRINKING 2 fizzy golden potions.
  1162 | D:2      | 1162 ||| DROPPING potion of lignification.
  1183 | D:3      | Reached skill level 3 in Fighting
  1199 | D:3      | 1199 ||| INVOKING Spit Poison.
  1204 | D:3      | 1204 ||| INVOKING Spit Poison.
  1209 | D:3      | 1209 ||| INVOKING Spit Poison.
  1209 | D:3      | Noticed Robin
  1215 | D:3      | 1215 ||| INVOKING Spit Poison.
  1220 | D:3      | 1220 ||| INVOKING Spit Poison.
  1222 | D:3      | Killed Robin
  1280 | D:3      | Found an iron altar of Okawaru.
  1280 | D:3      | Found an ancient bone altar of Kikubaaqudgha.
  1281 | D:3      | 1281 ||| PLANNING OKAWARU WORSHIP
  1281 | D:3      | 1281 ||| UPGRADING to +0 helmet.
  1286 | D:3      | 1286 ||| READING scroll labelled OSIOMY LILL.
  1287 | D:3      | 1287 ||| DRINKING 2 bubbling sapphire potions.
  1292 | D:3      | Became a worshipper of Warmaster Okawaru
  1293 | D:3      | 1293 ||| PLANNING D:1-11
  1302 | D:3      | 1302 ||| INVOKING Spit Poison.
  1320 | D:3      | 1320 ||| INVOKING Spit Poison.
  1343 | D:3      | 1343 ||| INVOKING Spit Poison.
  1346 | D:3      | 1346 ||| INVOKING Spit Poison.
  1462 | D:3      | 1462 ||| INVOKING Spit Poison.
  1466 | D:3      | 1466 ||| INVOKING Spit Poison.
  1470 | D:3      | 1470 ||| INVOKING Spit Poison.
  1474 | D:3      | 1474 ||| INVOKING Spit Poison.
  1479 | D:3      | 1479 ||| INVOKING Spit Poison.
  1484 | D:3      | 1484 ||| INVOKING Spit Poison.
  1502 | D:3      | 1502 ||| INVOKING Spit Poison.
  1539 | D:3      | 1539 ||| INVOKING Spit Poison.
  1629 | D:3      | 1629 ||| INVOKING Spit Poison.
  1926 | D:3      | 1926 ||| READING scroll labelled WYBLOD SIOSHRIT.
  1927 | D:3      | 1927 ||| READING 2 scrolls labelled EMPIXT FAISTRUA.
  1928 | D:3      | 1928 ||| READING 2 scrolls of identify.
  1928 | D:3      | 1928 ||| IDENTIFYING bubbling orange potion
  1929 | D:3      | 1929 ||| DROPPING scroll of revelation.
  1938 | D:4      | 1938 ||| INVOKING Spit Poison.
  1941 | D:4      | 1941 ||| STAIRDANCE
  1944 | D:3      | 1944 ||| INVOKING Spit Poison.
  1947 | D:3      | HP: 12/57 [orc/+0 flail (8)]
  1948 | D:3      | 1948 ||| READING 2 scrolls of teleportation.
  1948 | D:3      | Killed from afar by an orc priest

Levels and vault maps discovered:
D:1:      dpeg_arrival_simpleton_b, layout_basic,
          hellmonk_ecumenical_altar_watching_god, serial_shops, shop,
          nicolae_shop_gibbet_a_chance, nicolae_shop_tiny_waterfront,
          nicolae_shop_tiny_real_fake_doors
D:2:      layout_rooms, minmay_tree_intersection, grunt_ministairs_3,
          minmay_hexomino_u4, uniq_sigmund, uniq_terence
D:3:      layout_loops_ring, nicolae_overflow_two_pavilions, uniq_robin
D:4:      layout_gridville, mainiacjoe_overflow_chevrons,
          serial_co_window_serial, co_window_cross_1, co_window_paths_b,
          co_window_corner_a, co_window_paths_a, co_window_of_opportunity_a,
          co_window_unsneaky_path_c, co_window_cross_3, co_window_corner_ca,
          co_window_corner_b, co_window_of_opportunity_b, glass_columns_b,
          glass_columns_b, glass_columns_a, kennysheep_generic_room_11

Skill      XL: |  1  2  3  4  5  6 |
---------------+-------------------+-----
Ranged Weapons | 4 6 |  6.2
Fighting       | 3 |  3.8
Dodging        | |  1.5
Stealth        | |  1.5

Action                     |  1- 3 |  4- 6 || total
---------------------------+-------+-------++-------
   Fire: Shortbow          |    53 |   103 ||   156
Ability: Spit Poison       |    25 |    28 ||    53
    Use: Scroll            |     3 |     6 ||     9
         Potion            |       |     2 ||     2
 Armour: Leather armour    |    10 |    16 ||    26
  Dodge: Dodged            |    21 |    23 ||    44

Table legend:
 A = Non-vault XP
 B = Vault XP
 C = Vault XP percentage of total XP
 D = Non-vault monster count
 E = Vault monster count
 F = Vault count percentage of total count
                 A         B        C        D         E       F
            +---------+---------+-------+---------+---------+-------
      Total |     170 |     302 |  64.0 |      60 |      18 |  23.1
            +---------+---------+-------+---------+---------+-------
        D:1 |      41 |       0 |   0.0 |      25 |       0 |   0.0
        D:2 |      41 |     264 |  86.6 |      20 |       5 |  20.0
        D:3 |      88 |      38 |  30.2 |      15 |      13 |  46.4
            +---------+---------+-------+---------+---------+-------
